 Dungeon Crawl Stone Soup version 0.28-a0-445-g51f8dfeb47 (webtiles) character file.

Game seed: 5939793312122591183

2157 Conn the Firebug (level 9, -1/85 HPs)
             Began as an Octopode Fire Elementalist on Sept 12, 2021.
             Slain by a troll (2 damage)
             ... on level 7 of the Dungeon.
             The game lasted 00:16:31 (8832 turns).

Conn the Firebug (Octopode Fire Elementalist)       Turns: 8832, Time: 00:16:32

Health: -1/85      AC: 24    Str:  6 (8)  XL:     9   Next: 31%
Magic:  21/24      EV:  2    Int: 18 (20) God:
Gold:   286        SH:  0    Dex: 11 (12) Spells: 7/18 levels left

rFire   . . .      SeeInvis .   b - +2 mace (protect)
rCold   + . .      Faith    .   (no shield)
rNeg    + + +      Spirit   .   (helmet currently unavailable)
rPois   +          Reflect  .   (no amulet)
rElec   .          Harm     .   h - ring of magical power
rCorr   .          Rampage  .   i - ring of protection from cold
Will    .....      Clarity  +   (no ring) Stlth +++.......NoTele +
                                (no ring)
HPRegen 0.24/turn               (no ring)
MPRegen 0.19/turn               (no ring)
                                (no ring)
                                (no ring)

@: tree-form
A: stationary, stasis, torment immunity, boosted hp, almost no armour,
(amphibious), 8 rings, (camouflage 1), (gelatinous body 1), (nimble swimmer 1),
(tentacles), clarity, low mp 1
a: no special abilities


You were on level 7 of the Dungeon.
You were a tree.
You visited 1 branch of the dungeon, and saw 7 of its levels.

You collected 286 gold pieces.

Inventory:

Hand Weapons
 b - a +2 mace of protection (weapon)
Jewellery
 h - a ring of magical power (left branch)
 i - a ring of protection from cold (right branch)
Wands
 k - a wand of digging (8)
 p - a wand of acid (9)
Scrolls
 a - 8 scrolls of identify {unknown}
 d - a scroll of torment
 e - a scroll of immolation {unknown}
 f - 2 scrolls of blinking {unknown}
 l - a scroll of amnesia {unknown}
 m - a scroll of magic mapping {unknown}
 o - a scroll of teleportation {unknown}


   Skills:
 + Level 3.5 Fighting
 + Level 5.6 Maces & Flails
 + Level 4.0 Dodging
 + Level 5.2 Stealth
 + Level 5.2 Spellcasting
 + Level 4.1 Conjurations
 + Level 1.2 Hexes
 + Level 5.7 Fire Magic


You had 7 spell levels left.
You knew the following spells:

 Your Spells              Type           Power      Damage    Failure   Level
a - Foxfire               Conj/Fire      88%        2x1d8     1%          1
b - Conjure Flame         Conj/Fire      22%        6-21      4%          3
c - Inner Flame           Hex/Fire       17%        N/A       10%         3
d - Flame Wave            Conj/Fire      22%        3d6       17%         4

Your spell library contained the following spells:

 Spells                   Type           Power      Damage    Failure   Level
 Scorch                   Fire           50%        2d8       1%          2
 Static Discharge         Conj/Air       12%        N/A       9%          2
 Sticky Flame             Conj/Fire      22%        2d4       17%         4
 Fireball                 Conj/Fire      11%        3d7       43%         5
 Iskenderun's Battlesphe  Conj           19%        2d7       54%         5
 Dispel Undead            Necr           4%         3d7       78%         4
 Conjure Ball Lightning   Conj/Air       6%         3x3d6     100%        6
 Orb of Destruction       Conj           9%         9d4       100%        7


Dungeon Overview and Level Annotations

Branches:
Dungeon (7/15)
 Temple: D:4-7

Altars:


Innate Abilities, Weirdness & Mutations

You are a tree.
Your roots penetrate the ground, keeping you stationary.
You cannot be teleported.
You are immune to unholy pain and torment.
Your maximum health is greatly increased.
You cannot wear most types of armour.
((You are amphibious.))
You can wear up to eight rings at the same time.
((Your skin changes colour to match your surroundings (Stealth+).))
((Your rubbery body absorbs attacks. (AC +1, EV +1)))
((You are camouflaged near water. (Stealth+)))
((You have tentacles for arms and can constrict up to eight enemies at once.))
You possess an exceptional clarity of mind.
Your magical capacity is low. (-10% MP)


Message History

Okay, then.
You feel better. The troll bites you but does no damage.
The troll claws you but does no damage. The troll claws you.
* * * LOW HITPOINT WARNING * * *
You feel better. The troll bites you but does no damage.
The troll claws you but does no damage. x2
It was a potion of flight.
Your roots keep you in place.
The troll completely misses you.
The troll claws you but does no damage. x2
It was a potion of mutation.
You feel extremely strange.
You feel less energetic.
Your thoughts seem clearer.
The troll bites you.
* * * LOW HITPOINT WARNING * * *
The troll claws you but does no damage. x2
It was a potion of degeneration.
There was something very wrong with that liquid.
You feel weakened.
You feel dopey.
You feel clumsy. The troll bites you!
* * * LOW HITPOINT WARNING * * *
The troll claws you but does no damage. x2
You aren't carrying any potions.
Unknown command.
As you read the scroll labelled JUVVITS SAATUSM, it crumbles to dust.
You feel a surge of unholy energy.
The troll convulses!
It was a scroll of torment.
The troll bites you.
* * * LOW HITPOINT WARNING * * *
The troll claws you but does no damage. x2
Okay, then.
Unknown command.
Unknown command.
Casting: Foxfire (safe; 1% risk of failure)
Confirm with . or Enter, or press ? or * to list all spells.
Casting: Flame Wave (dangerous; 17% risk of failure)
Press: ? - help, Dir - look around, f - activate A wave of flame ripples out!
The flame wave engulfs the troll!
The troll is almost dead. (Press . to intensify the flame waves.)
The troll bites you but does no damage. The troll claws you!
* * * LOW HITPOINT WARNING * * *
The troll claws you.
You die...

##...#............#.....#......#
######............#.....#..##..#
# #............#.....#..###'# ##
#............#....###'##..# .#
#....####....#....##..##..#
######....# #....#........'...#
#.....##### #....#........##..#
#.....# #..T.#........###'#
+.....# #..♣.#....##..##..#
#.....# #....#....##..##..#
......# #....##...##..##..#
####### ###+########..##### #
#.......# # #.......# #
###'##### # #....# #....#


You could see a troll.

Vanquished Creatures
  Grinder (D:3)
  An acid dragon (D:7)
  A black bear (D:6)
  3 ice beasts
  2 ogres
  2 necrophages
  A kobold brigand (D:6)
  2 bullfrogs
  A scorpion (D:6)
  2 water moccasin skeletons
  3 howler monkeys
  4 hounds
  A centaur zombie (D:6)
  2 orc priests
  A bullfrog skeleton (D:5)
  A jelly (D:5)
  Ijyb (D:5)
  2 centaur skeletons
  An iguana (D:6)
  2 scorpion zombies
  An orc wizard (D:6)
  A hound zombie (D:5)
  6 adders
  A white imp (D:5)
  An ufetubus (D:6)
  2 adder skeletons (D:4)
  3 worms
  4 dart slugs
  8 orcs
  4 ball pythons
  8 bats
  9 endoplasms
  3 giant cockroaches
  6 goblins
  10 hobgoblins
  5 jackals (D:1)
  11 kobolds
  3 quokkas
  3 frilled lizards
  5 rats
128 creatures vanquished.

Vanquished Creatures (others)
  356 foxfires
356 creatures vanquished.

Grand Total: 484 creatures vanquished

Notes
Turn   | Place    | Note
-------+----------+-------------------------------------------
     0 | D:1      | Conn the Octopode Fire Elementalist began the quest for the
                  | Orb.
     0 | D:1      | Reached XP level 1. HP: 11/11 MP: 3/3
   376 | D:1      | Reached XP level 2. HP: 17/17 MP: 5/5
   918 | D:1      | Reached XP level 3. HP: 20/21 MP: 6/6
  1575 | D:1      | Learned a level 3 spell: Conjure Flame
  2114 | D:2      | Reached XP level 4. HP: 27/27 MP: 7/7
  2520 | D:2      | Reached skill level 1 in Maces & Flails
  2741 | D:3      | Noticed Grinder
  2788 | D:3      | Killed Grinder
  2789 | D:3      | Reached XP level 5. HP: 32/32 MP: 4/9
  2789 | D:3      | Reached XP level 6. HP: 37/37 MP: 4/10
  2968 | D:3      | Found a faded altar of an unknown god.
  3032 | D:3      | Learned a level 4 spell: Flame Wave
  4031 | D:4      | Reached skill level 1 in Fighting
  5369 | D:5      | Entered Level 5 of the Dungeon
  5406 | D:5      | Reached XP level 7. HP: 34/43 MP: 12/12
  5818 | D:5      | Noticed Ijyb
  5833 | D:5      | Killed Ijyb
  5841 | D:5      | Learned a level 3 spell: Inner Flame
  6283 | D:5      | Reached XP level 8. HP: 50/50 MP: 14/14
  6679 | D:6      | Reached skill level 5 in Fire Magic
  7411 | D:6      | Reached skill level 5 in Stealth
  7756 | D:6      | Reached skill level 5 in Maces & Flails
  7905 | D:6      | Reached XP level 9. HP: 49/57 MP: 16/16
  8362 | D:7      | Reached skill level 1 in Hexes
  8365 | D:7      | Reached skill level 5 in Spellcasting
  8782 | D:7      | Noticed a troll
  8829 | D:7      | Gained mutation: Your magical capacity is low. (-10% MP)
                  | [potion of mutation]
  8829 | D:7      | Gained mutation: You possess an exceptional clarity of
                  | mind. [potion of mutation]
  8832 | D:7      | HP: 1/85 [troll (7)]
  8832 | D:7      | Slain by a troll

Illustrated notes

Levels and vault maps discovered:
D:1:      ebering_trefoil_twist, layout_loops_ring, serial_co_window_serial,
          co_window_corner_a, co_window_corner_a, co_window_of_opportunity_a,
          co_window_corner_a, co_window_corner_a, co_window_broadway_b,
          co_window_broadway_c, co_window_cross_3, co_window_4corner_a,
          co_window_paths_d, minmay_misc_feat_nine_boxes
D:2:      layout_basic
D:3:      kb_forest_paths, layout_basic, ebering_ecumenical_altar_hall,
          serial_corexii_hall, corexii_hall_statues_l,
          chequers_hall_statues_wall_a, uniq_grinder
D:4:      layout_basic
D:5:      layout_basic, minivault_19, uniq_ijyb
D:6:      layout_loops_corners, minmay_misc_feat_cross
D:7:      layout_gridville, minmay_temple_entry_fiery

Skill      XL: |  1  2  3  4  5  6  7  8  9 |
---------------+----------------------------+-----
Stealth        | 3 4 5 |  5.2
Maces & Flails | 2 3 4 5 |  5.6
Spellcasting   | 3 4 5 |  5.2
Conjurations   | 2 3 4 |  4.1
Fire Magic     | 4 5 |  5.7
Fighting       | 1 2 3 |  3.5
Dodging        | 3 4 |  4.0
Hexes          | 1 |  1.2

Action                   |  1- 3 |  4- 6 |  7- 9 || total
-------------------------+-------+-------+-------++-------
Melee: Mace              |    33 |    79 |    58 ||   170
       Constrict         |     9 |    13 |    12 ||    34
       Unarmed           |     1 |       |       ||     1
       Tentacles         |     3 |     9 |    10 ||    22
 Cast: Foxfire           |    43 |    68 |    95 ||   206
       Conjure Flame     |       |     1 |     1 ||     2
       Flame Wave        |       |       |     3 ||     3
       Inner Flame       |       |       |     9 ||     9
  Use: Potion            |       |     3 |     6 ||     9
       Scroll            |       |     1 |     2 ||     3
 Stab: Sleeping          |     6 |     6 |       ||    12
Armor: Skin              |    18 |    37 |    50 ||   105
Dodge: Dodged            |    28 |    41 |    96 ||   165

Table legend: (Time is in decaauts)
 A = Elapsed time spent in this place.
 B = Non-inter-level travel time spent in this place.
 C = Inter-level travel time spent in this place.
 D = Time resting spent in this place.
 E = Time spent auto-exploring this place.
 F = Levels seen in this place.
 G = Mean time per level.
                   A        B        C        D        E       F      G
               +--------+--------+--------+--------+--------+-----+--------+
         Total |   8879 |   8710 |    169 |    227 |   6804 |   7 | 1268.4 |
       Dungeon |   8879 |   8710 |    169 |    227 |   6804 |   7 | 1268.4 |
               +--------+--------+--------+--------+--------+-----+--------+

Top non-repeatable levels by time:
     D:6: 1918 daAuts
     D:1: 1610 daAuts
     D:4: 1369 daAuts
     D:3: 1296 daAuts
     D:2: 1126 daAuts
     D:5: 1083 daAuts
     D:7: 476 daAuts
